Zazza, neutral female human Tourist -------- ----- +......| ------ |....####### #|<.....| |..... -------- |...| # ----------- ##-......| |....... |......-##########`|.... ###...........####|......| |......... |......| #|...| #|.........|### |.....{| |..........-######........# #-...| #|.........| .......| |......... --------# ###----- #----------- -------- |....... d@######################## -------- # # # # # # #-------# #|.....-# #......| |.%..>+ |.....| ------- Zazza the Rambler Experience level: 1 Strength: 10 Dexterity: 12 Constitution: 15 Intelligence: 12 Wisdom: 10 Charisma: 18 Health: 0(12) Energy: 2(2) Def: 1 Gold: 517 Moves: 887 Dungeon seed: NEVIhxKtll0wUM00 Game ID: Zazza_1598385526 Your Inventory: Coins $ - 517 gold pieces Weapons a - 38 +2 darts (in quiver) t - 2 blessed +1 orcish daggers (wielded) Armor e - an uncursed +0 Hawaiian shirt (being worn) q - an uncursed +0 orcish helm y - an uncursed +0 orcish helm z - a blessed +0 orcish helm (being worn) Comestibles b - 3 uncursed food rations c - an uncursed cram ration d - 2 uncursed tripe rations f - an uncursed apple g - an uncursed tin of spinach h - an uncursed orange i - 2 uncursed slime molds j - an uncursed egg s - an uncursed egg Scrolls l - 3 uncursed scrolls of magic mapping v - an uncursed scroll of enchant weapon Spellbooks u - an uncursed spellbook of cure sickness Potions k - an uncursed potion of extra healing r - an uncursed potion of levitation Wands p - a wand of cancellation (0:3) Tools m - an expensive camera (0:94) n - an uncursed credit card o - an uncursed towel Gems N - an uncursed worthless piece of violet glass Spells and supernatural/magical abilities: Name Level Category Fail Memory K - cure sickness 3 healing 100% 99% W - pray for help -- divine ? -- Your skills at the end: Fighting Skills Weapon Skills dart [Basic] Spellcasting Skills Final Attributes: You were nominally aligned. You are dead. Vanquished creatures: an acid blob 2 yellow molds a red mold 2 jackals a fox 4 goblins 4 grid bugs a lichen a kobold zombie 3 newts 20 creatures vanquished. Voluntary challenges: You followed a strict vegan diet. You used a wielded weapon 9 times, starting on turn 537. You were a pacifist. You read items or engraved 14 times, starting on turn 383. You never genocided any monsters. You never polymorphed an object. You never changed form. You used no wishes. You never split a pudding. You wrote Elbereth's name 7 times, starting on turn 802. You never violated your personal moral code. Dungeon overview: The Dungeons of Doom: levels 1 to 3 Level 1 a fountain a long staircase Level 2 a sink Level 3 <- You were here a fountain a long staircase History has recorded: On T:1 you entered the Dungeons of Doom to retrieve the Amulet of Yendor! On T:277 you reached level 2 of The Dungeons of Doom. On T:640 you reached level 3 of The Dungeons of Doom. Score breakdown: Gold: 290 ( 8381 points) Experience: 1 level ( 0 points) Exploration: 3 levels ( 6.00%) ( 6060 points) Discoveries: 1 item ( 0.34%) ( 1737 points) Valuables value: (no points given unless you survive) Artifact value: 0 ( 0 points) Variety of kills: 10 monsters ( 2.62%) ( 4860 points) Turncount: 887 turns ( 0 points) Survival: died (score multiplied by 80%) Total score: 16830 Latest messages: The fox is killed! Armand eats a fox corpse. Something is written here in the dust. You read: "Elbereth". You see no objects here. You write in the dust with your fingers. Something is written here in the dust. You read: "Elbereth". You see no objects here. You displace Armand. The door resists! (2x) The door opens. With great effort you move the boulder. You hit the acid blob. The acid blob bumps right into you! You hear water falling on coins. You hear some noises. You hear some noises in the distance. The coyote bites! You miss the coyote. The coyote bites! You hit the coyote. The coyote bites! You die... Final status: Aloha Zazza the Tourist, killed by a coyote... You died in The Dungeons of Doom on dungeon level 3 with 16830 points, and 517 pieces of gold, after 887 moves. You were level 1 with a maximum of 12 hit points when you died.